 Dungeon Crawl Stone Soup version 0.24.0-29-g8ce449bc06 (webtiles) character file.

Game seed: 12336795946174383107, levelgen mode: deterministic

10270 Flugslaktarn the Cleaver (level 11, -6/111 HPs)
             Began as a Minotaur Fighter on Nov 16, 2019.
             Was a Believer of Makhleb.
             Mangled by a death yak (7 damage)
             ... while petrified by a basilisk
             ... on level 3 of the Lair of Beasts.
             The game lasted 00:06:14 (10069 turns).

Flugslaktarn the Cleaver (Minotaur Fighter)        Turns: 10069, Time: 00:06:14

Health: -6/111     AC: 30    Str: 24    XL:     11   Next: 34%
Magic:  13/13      EV:  2    Int:  8    God:    Makhleb [**....]
Gold:   806        SH:  0    Dex: 10    Spells: 10/10 levels left

rFire    . . .     SeeInvis .   a - +1 broad axe
rCold    . . .     Gourm    .   c - +0 shield
rNeg     + + +     Faith    .   m - +0 plate armour
rPois    ∞         Spirit   .   g - +2 hat {Int+3}
rElec    .         Reflect  .   F - +1 cloak
rCorr    .         Harm     .   (no gloves)
MR       .....                  (no boots)
Stlth    ..........             (no amulet)
HPRegen  0.28/turn              p - +5 ring of protection
MPRegen  0.13/turn              q - +4 ring of protection

@: petrified
A: retaliatory headbutt, horns 2, icy blue scales 1, robust 1, MP-powered wands
a: Minor Destruction, Renounce Religion


You were on level 3 of the Lair of Beasts.
You worshipped Makhleb.
Makhleb was pleased with you.
You were very hungry.

You visited 2 branches of the dungeon, and saw 12 of its levels.

You collected 806 gold pieces.

Inventory:

Hand Weapons
 a - a +1 broad axe (weapon)
   (You found it on level 6 of the Dungeon)
 b - the +0 war axe "Ivoth" {flame, *Slow rF++ rN++}
   (You acquired it on level 1 of the Lair of Beasts)

   It has been specially enchanted to burn those struck by it, causing extra
   injury to most foes and up to half again as much damage against particularly
   susceptible opponents.
   Big, fiery blades are also staple armaments of hydra-hunters.
   It greatly protects you from fire.
   It greatly protects you from negative energy.
   It may slow you when you take damage.
Armour
 c - a +0 shield (worn)
 g - a +2 hat of intelligence (worn)
   (You took it off Gastronok on level 2 of the Lair of Beasts)
 m - a +0 plate armour (worn)
   (You found it on level 2 of the Dungeon)
 F - a +1 cloak (worn)
   (You found it on level 5 of the Dungeon)
Jewellery
 p - a +5 ring of protection (left hand)
   (You found it on level 6 of the Dungeon)
 q - a +4 ring of protection (right hand)
   (You found it on level 2 of the Lair of Beasts)
Wands
 i - a wand of iceblast (10)
   (You found it on level 1 of the Lair of Beasts)
 v - a wand of digging (12)
   (You found it on level 5 of the Dungeon)
 C - a wand of enslavement (4)
   (You found it on level 4 of the Dungeon)
 H - a wand of acid (6)
   (You found it on level 9 of the Dungeon)
Scrolls
 j - 3 scrolls of enchant armour
 r - 5 scrolls of identify
 t - 3 scrolls of teleportation
 w - a scroll of remove curse
 z - 3 scrolls of blinking
 D - 2 scrolls of fear
 E - a scroll of enchant weapon
Potions
 d - 4 potions of might
 f - a potion of ambrosia
 h - 4 potions of haste
 k - 5 potions of magic
 l - a potion of brilliance
 o - 2 potions of heal wounds
 s - 2 potions of agility
 u - a potion of cancellation
 x - a potion of degeneration {unknown}
 y - a potion of lignification
 A - a potion of invisibility {unknown}
 B - a potion of berserk rage {unknown}
Comestibles
 e - 22 rations


   Skills:
 + Level 10.3 Fighting
 * Level 13.4 Axes
 + Level 10.4 Armour
 + Level 8.3 Shields
 + Level 4.1 Invocations


You had 10 spell levels left.
You didn't know any spells.
Your spell library was empty.

Dungeon Overview and Level Annotations

Branches:
Dungeon (9/15)               Lair (3/6) D:8
 Temple: D:4-7        Swamp: Lair:2-4    Shoals: Lair:2-4     Snake: Lair:2-4
 Spider: Lair:2-4       Orc: D:9-12

Altars:
Fedhas
Gozag
Kikubaaqudgha
Makhleb
Vehumet
Xom

Shops:
D:5 :

Annotations:
Lair:1 3 runed translucent doors, Thantalas's ghost, journeyman DsGl


Innate Abilities, Weirdness & Mutations

You reflexively headbutt those who attack you in melee.
You have a pair of horns on your head.
You are partially covered in icy blue scales. (AC +2)
You are robust. (+10% HP)
You expend magic power (3 MP) to strengthen your wands.


Message History

The hippogriff bites you but does no damage.
The hippogriff pecks you but does no damage.
The hippogriff claws you but does no damage.
The death yak gores you!
* * * LOW HITPOINT WARNING * * *
The death yak gores you but does no damage. x3
The hippogriff bites you but does no damage.
The hippogriff pecks you but does no damage.
The hippogriff claws you but does no damage.
The death yak gores you.
* * * LOW HITPOINT WARNING * * *
The death yak gores you.
* * * LOW HITPOINT WARNING * * *
The death yak gores you but does no damage. x2
The hippogriff bites you but does no damage.
The hippogriff pecks you but does no damage.
The hippogriff claws you.
* * * LOW HITPOINT WARNING * * *
The death yak gores you!
You die...

................
..................
........#PP.P.#....
...................
>..................
...................
...................
........YYY........
.......lH@.........
........Y..<.......
.PP#.....##..#.#...
.........#....#..
..................
#...............
###......#####.#..
##P...P #. . .....
..


You could see 4 death yaks, a hippogriff and a basilisk.

Vanquished Creatures
  Gastronok (Lair:2)
  A black mamba (Lair:2)
  Maurice (D:8)
  A komodo dragon (Lair:3)
  A troll (D:9)
  5 blink frogs (Lair:2)
  5 hippogriffs
  9 yaks
  Eustachio (D:6)
  3 basilisks
  Edmund (D:6)
  2 water moccasins (Lair:2)
  2 sky beasts (D:8)
  A porcupine (Lair:1)
  A black bear (D:8)
  A phantom (D:6)
  2 ogres
  5 centaurs
  3 crocodiles
  7 bullfrogs
  3 scorpions
  13 killer bees
  A howler monkey (D:9)
  An electric eel (Lair:1)
  2 crimson imps
  A jelly (D:6)
  A quasit (D:9)
  3 orc priests
  A centaur zombie (D:8)
  10 orc wizards
  2 hounds
  2 iguanas
  4 worker ants
  A hound zombie (D:7)
  2 worker ant zombies
  13 adders
  3 gnolls (D:5)
  4 shadow imps
  An adder zombie (D:4)
  An adder skeleton (D:4)
  3 worms
  3 dart slugs
  2 leopard geckos
  28 orcs
  7 giant cockroaches
  7 goblins
  12 hobgoblins
  22 jackals
  6 kobolds
  6 quokkas
  3 ball pythons
  4 bats
  3 frilled lizards
  A jackal skeleton (D:5)
  2 quokka skeletons
  10 rats
  A fungus (Lair:2)
242 creatures vanquished.

Vanquished Creatures (others)
  A killer bee (D:6)
  A fungus (Lair:2)
2 creatures vanquished.

Grand Total: 244 creatures vanquished

Notes
Turn   | Place    | Note
-------+----------+-------------------------------------------
     0 | D:1      | Flugslaktarn the Minotaur Fighter began the quest for the
                  | Orb.
     0 | D:1      | Reached XP level 1. HP: 19/19 MP: 0/0
   287 | D:1      | Reached skill level 3 in Axes
   287 | D:1      | Reached XP level 2. HP: 21/27 MP: 1/1
   938 | D:2      | Reached XP level 3. HP: 33/33 MP: 2/2
  1163 | D:2      | Reached skill level 4 in Axes
  1380 | D:2      | Reached XP level 4. HP: 39/40 MP: 3/3
  1549 | D:2      | Found a shimmering altar of Xom.
  2682 | D:3      | Found an ancient bone altar of Kikubaaqudgha.
  2683 | D:3      | Found a blossoming altar of Fedhas.
  2934 | D:4      | Reached XP level 5. HP: 47/47 MP: 4/4
  2937 | D:4      | Reached skill level 5 in Axes
  3187 | D:4      | Reached skill level 5 in Fighting
  3187 | D:4      | Reached skill level 5 in Armour
  3251 | D:4      | Reached XP level 6. HP: 40/56 MP: 5/5
  3442 | D:5      | Entered Level 5 of the Dungeon
  3551 | D:5      | Reached skill level 6 in Axes
  3890 | D:5      | Found Xoohic's Book Shop.
  4019 | D:6      | Reached XP level 7. HP: 62/62 MP: 6/6
  4070 | D:6      | Reached skill level 7 in Axes
  4232 | D:6      | Noticed Edmund
  4253 | D:6      | Killed Edmund
  4628 | D:6      | Reached skill level 8 in Axes
  4817 | D:6      | Noticed Eustachio
  4831 | D:6      | Killed Eustachio
  4831 | D:6      | Reached XP level 8. HP: 60/71 MP: 7/7
  4982 | D:6      | Reached skill level 9 in Axes
  5615 | D:6      | Found a burning altar of Makhleb.
  5616 | D:6      | Found an opulent altar of Gozag.
  5624 | D:6      | Became a worshipper of Makhleb the Destroyer
  6312 | D:8      | Noticed Maurice
  6335 | D:8      | Reached * piety under Makhleb
  6339 | D:8      | Reached skill level 10 in Axes
  6339 | D:8      | Reached XP level 9. HP: 44/81 MP: 8/8
  6393 | D:8      | Killed Maurice
  6393 | D:8      | Reached skill level 5 in Shields
  6815 | D:8      | Found a staircase to the Lair.
  6822 | D:8      | Reached skill level 11 in Axes
  7020 | D:8      | Reached ** piety under Makhleb
  7184 | D:9      | Reached XP level 10. HP: 54/91 MP: 9/9
  7245 | D:9      | Reached skill level 1 in Invocations
  7546 | D:9      | Reached skill level 12 in Axes
  7965 | D:9      | Found a radiant altar of Vehumet.
  8140 | Lair:1   | Entered Level 1 of the Lair of Beasts
  8146 | Lair:1   | Gained mutation: You are partially covered in icy blue
                  | scales. (AC +2) [potion of mutation]
  8146 | Lair:1   | Gained mutation: You are robust. (+10% HP) [potion of
                  | mutation]
  8146 | Lair:1   | Gained mutation: You expend magic power (3 MP) to
                  | strengthen your wands. [potion of mutation]
  8152 | Lair:1   | Identified a scroll of acquirement
  8153 | Lair:1   | Got an iridescent war axe
  8154 | Lair:1   | Identified the +0 war axe "Ivoth" {flame, *Slow rF++ rN++}
                  | (You acquired it on level 1 of the Lair of Beasts)
  8202 | Lair:1   | Found a runed translucent gate.
  8202 | Lair:1   | Found a runed translucent gate.
  8202 | Lair:1   | Found a runed translucent gate.
  8690 | Lair:1   | Noticed Thantalas's ghost (journeyman DsGl)
  9073 | Lair:2   | Noticed Gastronok
  9091 | Lair:2   | Killed Gastronok
  9091 | Lair:2   | Reached skill level 10 in Fighting
  9091 | Lair:2   | Reached skill level 10 in Armour
  9091 | Lair:2   | Reached XP level 11. HP: 73/108 MP: 10/12
  9103 | Lair:2   | Reached skill level 13 in Axes
 10051 | Lair:3   | Noticed a death yak
 10052 | Lair:3   | Noticed a death yak
 10052 | Lair:3   | Noticed a death yak
 10052 | Lair:3   | Noticed a death yak
 10068 | Lair:3   | HP: 5/111 [death yak (1)]
 10068 | Lair:3   | HP: 2/111 [death yak (3)]
 10069 | Lair:3   | Mangled by a death yak

Levels and vault maps discovered:
D:1:      dpeg_arrival_fog, layout_loops_corners, minmay_misc_feat_more_columns,
          minmay_heptomino_l4
D:2:      layout_basic, xom_teletrap_fun, chequers_decorated_corner
D:3:      layout_basic, grunt_temple_overflow_growth_and_decay,
          kennysheep_cluttered_room
D:4:      layout_rooms
D:5:      layout_basic, serial_shops, shop, first_ration
D:6:      layout_rooms, gammafunk_temple_overflow_statue, st_stairs_4,
          minivault_24, uniq_eustachio, uniq_edmund
D:7:      layout_gridville, minmay_temple_entry_junction, uniq_harold
D:8:      layout_cave_pools, david_lair_generic, uniq_maurice
D:9:      layout_rooms, vehumet_crystals
Lair:1:   layout_cave_pods, gammafunk_ghost_necromancy, minivault_25,
          infiniplex_staircase_pool, grunt_megastairs_5
Lair:2:   layout_chaotic_city, uniq_gastronok
Lair:3:   layout_gridlike, nicolae_swamp_entry_splash_gauntlet,
          nicolae_spider_entry_non_spiders, gammafunk_ghost_necromancy

Skill      XL: |  1  2  3  4  5  6  7  8  9 10 11 |
---------------+----------------------------------+-----
Axes           | 3 4 5 6 8 10 11 12 13 | 13.4
Fighting       | 4 5 6 7 9 10 | 10.3
Armour         | 4 5 6 7 9 10 | 10.4
Shields        | 4 6 7 8 |  8.3
Invocations    | 3 4 |  4.1

Action                   |  1- 3 |  4- 6 |  7- 9 | 10-12 || total
-------------------------+-------+-------+-------+-------++-------
Melee: War axe           |    97 |   188 |    91 |       ||   376
       Headbutt          |    14 |    24 |    49 |    51 ||   138
       Broad axe         |       |       |   212 |   237 ||   449
Evoke: Wand              |       |       |     2 |       ||     2
  Use: Scroll            |       |       |     7 |    13 ||    20
       Potion            |       |       |     4 |     1 ||     5
  Eat: Chunk             |     2 |     8 |     4 |     8 ||    22
       Ration            |       |       |     2 |       ||     2
Armor: Scale mail        |    36 |       |       |       ||    36
       Plate armour      |     2 |   112 |   327 |   191 ||   632
       Skin              |       |       |    14 |       ||    14
Dodge: Dodged            |    22 |    31 |    77 |    64 ||   194
Block: Shield            |    55 |    93 |   207 |   157 ||   512
